 Dungeon Crawl Stone Soup version 0.23-a0-619-g281719c (webtiles) character file.

141 Mgcat the Digger (level 5, -4/38 HPs)
             Began as a Formicid Earth Elementalist on Dec 22, 2018.
             Splashed by Ijyb's acid (8 damage)
             ... on level 3 of the Dungeon.
             The game lasted 00:05:56 (3006 turns).

Mgcat the Digger (Formicid Earth Elementalist)      Turns: 3006, Time: 00:05:57

Health: -4/38      AC: -1    Str: 13    XL:     5   Next: 48%
Magic:  1/10       EV: 12    Int: 15    God:
Gold:   66         SH:  0    Dex: 11    Spells: 2/11 levels left

rFire    + . .     SeeInvis +   e - +0 dagger
rCold    . . .     Gourm    .   (no shield)
rNeg     . . .     Faith    .   c - +0 robe
rPois    .         Spirit   .   (helmet unavailable)
rElec    .         Reflect  .   (no cloak)
rCorr    +         Harm     .   (no gloves)
MR       .....                  j - +0 pair of boots (curse)
Stlth    ++........             (no amulet)
HPRegen  0.12/turn              f - ring of protection from fire {rF+, !d}
MPRegen  0.12/turn              m - ring of resist corrosion

@: corroded, very slightly contaminated
A: permanent stasis, dig shafts and tunnels, four strong arms, antennae 3
a: Dig, Shaft Self


You were on level 3 of the Dungeon.
You were not hungry.

You visited 1 branch of the dungeon, and saw 3 of its levels.

You collected 66 gold pieces.

Inventory:

Hand Weapons
 e - a +0 dagger (weapon)
   (You took it off a kobold on level 1 of the Dungeon)
Missiles
 b - 80 stones (quivered)
Armour
 c - a +0 robe (worn)
 j - a cursed +0 pair of boots (worn)
   (You found it on level 1 of the Dungeon)
 n - a +0 leather armour of fire resistance
   (You found it on level 2 of the Dungeon)
Jewellery
 f - a ring of protection from fire (left hand) {rF+, !d}
   (You found it on level 1 of the Dungeon)
 m - a ring of resist corrosion (right hand)
   (You took it off a kobold on level 2 of the Dungeon)
Scrolls
 g - a scroll of immolation {unknown}
 h - 4 scrolls of remove curse {unknown}
 i - 2 scrolls of magic mapping {unknown}
 o - 2 scrolls of identify {unknown}
 p - 2 scrolls of teleportation {unknown}
Potions
 a - a potion of degeneration {unknown}
 k - a potion of curing {unknown}
Comestibles
 d - 9 rations
 l - a chunk of flesh {@w0}


   Skills:
 + Level 2.0 Fighting
 - Level 1.7 Dodging
 - Level 2.4 Stealth
 + Level 3.7 Spellcasting
   Level 1.1 Transmutations
 + Level 5.2 Earth Magic


You had 2 spell levels left.
You knew the following spells:

 Your Spells              Type           Power        Failure   Level  Hunger
a - Sandblast             Erth           ###...       2%          1    None
b - Stone Arrow           Conj/Erth      ##....       19%         3    ###....
c - Lee's Rapid Deconstr  Erth           ###.......   52%         5    ######.

Your spell library contained the following spells:

 Spells                   Type           Power        Failure   Level  Hunger
 Passwall                 Tmut/Erth      ##......     8%          2    ##.....
 Petrify                  Tmut/Erth      ##......     45%         4    ####...


Dungeon Overview and Level Annotations

Branches:
Dungeon (3/15)

Altars:
Vehumet

Annotations:
D:3 Ijyb


Innate Abilities, Weirdness & Mutations

You cannot be hasted, slowed, berserked, paralysed or teleported.
You can dig through walls and to a lower floor.
Your four strong arms can wield two-handed weapons with a shield.
You have a pair of large antennae on your head. (SInv)


Message History

The blast of sand hits Ijyb.
Ijyb is lightly wounded.
b - 84 stones
Casting: Sandblast (safe; 2% risk of failure)
Confirm with . or Enter, or press ? or * to list all spells.
Aiming: Sandblast (safe; 2% risk of failure)
Press: ? - help, Shift-Dir - straight line, f/p - Ijyb
Aim: Ijyb, wielding a +0 dagger of pain, wearing a +0 leather armour and You miscast Sandblast.
Nothing appears to happen.
Ijyb completely misses you.
Casting: Sandblast (safe; 2% risk of failure)
Confirm with . or Enter, or press ? or * to list all spells.
Aiming: Sandblast (safe; 2% risk of failure)
Press: ? - help, Shift-Dir - straight line, f/p - Ijyb
Aim: Ijyb, wielding a +0 dagger of pain, wearing a +0 leather armour and The blast of sand hits Ijyb.
Ijyb is moderately wounded.
b - 83 stones Ijyb closely misses you.
Casting: Sandblast (safe; 2% risk of failure)
Confirm with . or Enter, or press ? or * to list all spells.
Aiming: Sandblast (safe; 2% risk of failure)
Press: ? - help, Shift-Dir - straight line, f/p - Ijyb
Aim: Ijyb, wielding a +0 dagger of pain, wearing a +0 leather armour and The blast of sand hits Ijyb.
Ijyb is moderately wounded.
b - 82 stones Ijyb barely misses you.
Casting: Sandblast (safe; 2% risk of failure)
Confirm with . or Enter, or press ? or * to list all spells.
Aiming: Sandblast (safe; 2% risk of failure)
Press: ? - help, Shift-Dir - straight line, f/p - Ijyb
Aim: Ijyb, wielding a +0 dagger of pain, wearing a +0 leather armour and The blast of sand hits Ijyb.
Ijyb is heavily wounded.
b - 81 stones Ijyb hits you with a +0 dagger of pain.
You writhe in agony.
You closely miss Ijyb.
Ijyb is heavily wounded.
Ijyb hits you but does no damage.
You hit Ijyb.
Ijyb is severely wounded.
Ijyb barely misses you.
You barely miss Ijyb.
Ijyb is severely wounded.
Ijyb misses you.
You barely miss Ijyb.
Ijyb is severely wounded.
Ijyb hits you but does no damage.
You writhe in agony.
You hit Ijyb but do no damage.
Ijyb is severely wounded.
Ijyb misses you.
You closely miss Ijyb.
Ijyb is severely wounded.
Ijyb hits you but does no damage.
You writhe in agony.
You barely miss Ijyb.
Ijyb is severely wounded.
Ijyb hits you with a +0 dagger of pain.
You hit Ijyb but do no damage.
Ijyb is severely wounded.
Ijyb misses you.
Casting: Sandblast (safe; 2% risk of failure)
Confirm with . or Enter, or press ? or * to list all spells.
Aiming: Sandblast (safe; 2% risk of failure)
Press: ? - help, Shift-Dir - straight line, f/p - Ijyb
Aim: Ijyb, wielding a +0 dagger of pain, wearing a +0 leather armour and The blast of sand hits Ijyb.
Ijyb is severely wounded.
b - 80 stones Ijyb zaps a wand.
The bolt of acid hits you! You resist.
You are splashed with acid!
The acid burns!
You resist.
* * * LOW HITPOINT WARNING * * *
You barely miss Ijyb.
Ijyb is severely wounded.
Ijyb hits you with a +0 dagger of pain.
* * * LOW HITPOINT WARNING * * *
Some of the chunks of flesh in your inventory have rotted away.
You hit Ijyb but do no damage.
Ijyb is severely wounded.
Ijyb hits you but does no damage.
You hit Ijyb but do no damage.
Ijyb is severely wounded.
Ijyb misses you.
You hit Ijyb but do no damage.
Ijyb is severely wounded.
Ijyb zaps a wand.
The bolt of acid misses you.
You closely miss Ijyb.
Ijyb is severely wounded.
Ijyb hits you but does no damage.
You hit Ijyb.
Ijyb is severely wounded.
Ijyb hits you but does no damage.
You hit Ijyb but do no damage.
Ijyb is severely wounded.
Ijyb barely misses you.
You miss Ijyb.
Ijyb is severely wounded.
Ijyb zaps a wand.
The bolt of acid hits you! You resist.
* * * LOW HITPOINT WARNING * * *
The acid corrodes you!
You are splashed with acid!
The acid burns!
You resist.
You die...

#.####. ....
###....... #..#
#........ #..#
##.####.### #>.#
#..##.....## ##+÷#
#..#....)..# ##...##
#..#.......#..##.....(
#......_......#......#
#..#.@g....#.......<.#
#..#.......#.+.......#
#..##.....##.........#
#÷.####.####..#....÷.#
#......... ...##.....#
#.###.##.####.###...##
#.....##.####.# ##+.#
#.###......##.# #..#
#).......#.##.# #..#


You could see Ijyb.

Vanquished Creatures
  Natasha (twice) (D:3)
  2 adders (D:2)
  An ooze (D:1)
  2 dart slugs
  A leopard gecko (D:1)
  7 giant cockroaches
  6 goblins
  6 hobgoblins
  7 jackals (D:1)
  2 ball pythons (D:1)
  12 bats
  3 frilled lizards
  6 kobolds
  8 rats
65 creatures vanquished.

Notes
Turn   | Place    | Note
-------+----------+-------------------------------------------
     0 | D:1      | Mgcat the Formicid Earth Elementalist began the quest for
                  | the Orb.
     0 | D:1      | Reached XP level 1. HP: 13/13 MP: 3/3
    44 | D:1      | Reached XP level 2. HP: 15/19 MP: 0/5
    56 | D:1      | Reached skill level 4 in Earth Magic
   348 | D:1      | Reached XP level 3. HP: 24/24 MP: 0/7
   613 | D:1      | Reached skill level 3 in Spellcasting
  1046 | D:1      | Learned a level 3 spell: Stone Arrow
  1531 | D:2      | Reached XP level 4. HP: 31/31 MP: 4/8
  1915 | D:2      | Reached skill level 1 in Fighting
  2873 | D:3      | Noticed Natasha
  2878 | D:3      | Noticed Ijyb
  2885 | D:3      | Killed Natasha
  2885 | D:3      | Reached skill level 5 in Earth Magic
  2885 | D:3      | Reached XP level 5. HP: 38/38 MP: 3/10
  2892 | D:3      | Learned a level 5 spell: Lee's Rapid Deconstruction
  2933 | D:3      | Found a radiant altar of Vehumet.
  2979 | D:3      | Noticed Natasha
  2984 | D:3      | Killed Natasha
  2984 | D:3      | Reached skill level 2 in Fighting
  3006 | D:3      | HP: 4/38 [Ijyb/wand of acid (1) (7)]
  3006 | D:3      | Splashed by Ijyb's acid

Vault maps used:
D:1:      kennysheep_arrival_forest
D:2:      first_ration, minmay_worlds_worst_comb
D:3:      grunt_temple_overflow_growth_and_decay, grunt_gozag_statues,
          old_standard_altar, uniq_natasha, uniq_ijyb

Skill      XL: |  1  2  3  4  5 |
---------------+----------------+-----
Earth Magic    | 4 5 |  5.2
Spellcasting   | 3 |  3.7
Fighting       | 1 2 |  2.0
Dodging        | |  1.7
Stealth        | |  2.4
Transmutations | |  1.1

Action                   |  1- 3 |  4- 6 || total
-------------------------+-------+-------++-------
Melee: Dagger            |    99 |    52 ||   151
       Unarmed           |     2 |       ||     2
 Cast: Sandblast         |    23 |     9 ||    32
       Stone Arrow       |     4 |    23 ||    27
 Stab: Sleeping          |     4 |     2 ||     6
  Eat: Chunk             |     3 |     7 ||    10
Armor: Robe              |    39 |    18 ||    57
Dodge: Dodged            |    96 |    43 ||   139

Table legend:
 A = Non-vault XP
 B = Vault XP
 C = Vault XP percentage of total XP
 D = Non-vault monster count
 E = Vault monster count
 F = Vault count percentage of total count
                 A         B        C        D         E       F
            +---------+---------+-------+---------+---------+-------
      Total |     161 |      41 |  20.3 |      60 |       5 |   7.7
            +---------+---------+-------+---------+---------+-------
        D:1 |      68 |       0 |   0.0 |      38 |       0 |   0.0
        D:2 |      50 |       8 |  13.8 |      18 |       4 |  18.2
        D:3 |      43 |      33 |  43.4 |       4 |       1 |  20.0
            +---------+---------+-------+---------+---------+-------

Vault maps used:
D:1:      kennysheep_arrival_forest
D:2:      first_ration, minmay_worlds_worst_comb
D:3:      grunt_temple_overflow_growth_and_decay, grunt_gozag_statues,
          old_standard_altar, uniq_natasha, uniq_ijyb

Table legend:
 A = Turns spent in this place as a percentage of turns spent in the entire game.
 B = Non-inter-level travel turns spent in this place as a percentage of non-inter-level travel turns spent in the entire game.
 C = Inter-level travel turns spent in this place as a percentage of turns spent in this place.
 D = Turns resting spent in this place as a percentage of non-inter-level travel turns spent in this place.
 E = Turns spent auto-exploring this place as a percentage of non-inter-level travel turns spent in this place.
 F = Non-inter-level travel turns spent in this place divided by the number of levels of this place that you've seen.
                   A       B       C       D       E      F
               +-------+-------+-------+-------+-------+----------------------
         Total | 100.0 | 100.0 |   1.4 |   0.1 |  80.2 | 988.3
       Dungeon | 100.0 | 100.0 |   1.4 |   0.1 |  80.2 | 988.3
               +-------+-------+-------+-------+-------+----------------------

Table legend:
 A = Kills in this place as a percentage of kills in entire the game.
 B = Kills by you in this place as a percentage of kills by you in the entire game.
 C = Kills by friends in this place as a percentage of kills by friends in the entire game.
 D = Other kills in this place as a percentage of other kills in the entire game.
 E = Experience gained in this place as a percentage of experience gained in the entire game.
 F = Experience gained in this place divided by the number of levels of this place that you have seen.
                   A       B       C       D       E      F
               +-------+-------+-------+-------+-------+----------------------
         Total | 100.0 | 100.0 |   N/A |   N/A | 100.0 |  67.3
       Dungeon | 100.0 | 100.0 |   N/A |   N/A | 100.0 |  67.3
               +-------+-------+-------+-------+-------+----------------------
